 Dungeon Crawl Stone Soup version 0.23-a0-636-g0ff6057 (webtiles) character file.

106 Koff the Ruffian (level 4, -5/44 HPs)
             Began as a Troll Monk on Dec 28, 2018.
             Slain by a gnoll
             ... wielding a +0 halberd
              (14 damage)
             ... on level 3 of the Dungeon.
             The game lasted 00:02:53 (1853 turns).

Koff the Ruffian (Troll Monk)                       Turns: 1853, Time: 00:02:53

Health: -5/44      AC:  5    Str: 19    XL:     4   Next: 55%
Magic:  3/3        EV: 11    Int:  6    God:
Gold:   156        SH:  0    Dex: 13    Spells: 3/3 levels left

rFire    . . .     SeeInvis .     - Unarmed
rCold    . . .     Gourm    +   (no shield)
rNeg     . . .     Faith    .   a - +0 robe
rPois    .         Spirit   .   (helmet restricted)
rElec    .         Reflect  .   (no cloak)
rCorr    .         Harm     .   (gloves unavailable)
MR       .....                  (boots unavailable)
Stlth    ++........             (no amulet)
HPRegen  0.54/turn              e - ring of wizardry
MPRegen  0.08/turn              (no ring)

@: no status effects
A: large, unfitting armour, claws 3, fast metabolism 3, gourmand, regeneration
1, shaggy fur 1, tough skin 2
a: no special abilities


You were on level 3 of the Dungeon.
You were completely stuffed.

You visited 1 branch of the dungeon, and saw 3 of its levels.

You collected 156 gold pieces.

Inventory:

Missiles
 o - 3 large rocks (quivered)
 q - 5 stones
Armour
 a - a +0 robe (worn)
Jewellery
 e - a ring of wizardry (left claw)
Scrolls
 c - a scroll of enchant weapon {unknown}
 d - 2 scrolls of teleportation {unknown}
 f - 2 scrolls of remove curse {unknown}
 h - a scroll of fear {unknown}
 i - a scroll of fog {unknown}
 m - a scroll of identify {unknown}
 n - 2 scrolls of random uselessness {unknown}
Potions
 j - a potion of flight {unknown}
 k - a potion of brilliance {unknown}
 l - 3 potions of might {unknown}
 p - a potion of heal wounds {unknown}
Comestibles
 b - 9 rations
 g - 3 chunks of flesh


   Skills:
 + Level 2.7 Fighting
 * Level 0.7 Throwing
 - Level 3.0 Dodging
 - Level 1.0 Stealth
 + Level 4.4 Unarmed Combat


You had 3 spell levels left.
You didn't know any spells.
Your spell library was empty.

Dungeon Overview and Level Annotations

Branches:
Dungeon (3/15)

Altars:
Ashenzari
Gozag
Qazlal
Vehumet


Innate Abilities, Weirdness & Mutations

You are too large for most types of armour.
You have claws for hands.
Your metabolism is lightning-fast.
You like to eat raw meat.
Your natural rate of healing is unusually fast.
You are covered in fur. (AC +1)
You have very tough skin. (AC +2)


Message History

The gnoll hits you from afar with a +0 halberd.
The gnoll hits you with a +0 halberd! The gnoll barely misses you.
You see here a cursed +0 halberd.
You are too injured to fight recklessly!
You are too injured to fight recklessly!
You are too injured to fight recklessly!
You are too injured to fight recklessly!
You are too injured to fight recklessly!
You claw the gnoll!
The gnoll is heavily wounded.
The gnoll closely misses you. The gnoll hits you with a +0 halberd!
* * * LOW HITPOINT WARNING * * *
You claw the gnoll!
The gnoll is almost dead.
The gnoll hits you from afar with a +0 spear.
* * * LOW HITPOINT WARNING * * *
You scratch the gnoll but do no damage.
The gnoll is almost dead.
The gnoll hits you with a +0 halberd!
You die...

###.### #..<..#
#.....# #.....#
...!. .g. #g# #@#
#)# #.# #.# #.#
#.# #.# #.#
################.#


You could see 2 gnolls.

Vanquished Creatures
  Terence (D:2)
  2 gnolls (D:3)
  An adder (D:3)
  A worm (D:2)
  2 dart slugs
  2 leopard geckos
  A bat (D:1)
  A giant cockroach (D:1)
  7 goblins
  6 hobgoblins
  2 jackals (D:1)
  A quokka (D:3)
  2 ball pythons
  4 frilled lizards
  4 kobolds
  6 rats
43 creatures vanquished.

Notes
Turn   | Place    | Note
-------+----------+-------------------------------------------
     0 | D:1      | Koff the Troll Monk began the quest for the Orb.
     0 | D:1      | Reached XP level 1. HP: 22/22 MP: 0/0
   233 | D:1      | Reached XP level 2. HP: 29/29 MP: 1/1
   888 | D:2      | Reached XP level 3. HP: 36/36 MP: 2/2
  1118 | D:2      | Found a shattered altar of Ashenzari.
  1253 | D:2      | Noticed Terence
  1268 | D:2      | Killed Terence
  1360 | D:3      | Reached skill level 4 in Unarmed Combat
  1407 | D:3      | Found a radiant altar of Vehumet.
  1415 | D:3      | Reached XP level 4. HP: 44/44 MP: 3/3
  1671 | D:3      | Found an opulent altar of Gozag.
  1805 | D:3      | Found a stormy altar of Qazlal.
  1806 | D:3      | Noticed a fire elemental
  1809 | D:3      | Noticed an air elemental
  1853 | D:3      | Slain by a gnoll

Vault maps used:
D:1:      wheals_arrival_shading
D:2:      first_ration, skrybe_limestone_x, evilmike_ruin_ashenzari,
          uniq_terence
D:3:      nicolae_qazlal_style_of_elements, old_standard_altar,
          lemuel_round_altar, fiery_altar_vehumet, chequers_serial_rivers_room_a

Skill      XL: |  1  2  3 |
---------------+----------+-----
Dodging        | 3 |  3.0
Unarmed Combat | 4 |  4.4
Fighting       | |  2.7
Throwing       | |  0.7
Stealth        | |  1.0

Action                   |  1- 3 |  4- 6 || total
-------------------------+-------+-------++-------
Melee: Unarmed           |    78 |    46 ||   124
 Stab: Sleeping          |     7 |       ||     7
  Eat: Chunk             |    18 |     4 ||    22
Armor: Robe              |    34 |     9 ||    43
Dodge: Dodged            |    37 |    26 ||    63

Table legend:
 A = Non-vault XP
 B = Vault XP
 C = Vault XP percentage of total XP
 D = Non-vault monster count
 E = Vault monster count
 F = Vault count percentage of total count
                 A         B        C        D         E       F
            +---------+---------+-------+---------+---------+-------
      Total |     116 |      36 |  23.7 |      42 |       1 |   2.3
            +---------+---------+-------+---------+---------+-------
        D:1 |      30 |       0 |   0.0 |      18 |       0 |   0.0
        D:2 |      19 |      36 |  65.5 |       9 |       1 |  10.0
        D:3 |      67 |       0 |   0.0 |      15 |       0 |   0.0
            +---------+---------+-------+---------+---------+-------
